 Dungeon Crawl Stone Soup version 0.28-a0-384-g9e0c098162 (webtiles) character file.

Game seed: 6181205927562747489

14 sizableburger the Vexing (level 2, -6/28 HPs)
             Began as an Ogre Arcane Marksman on Sept 2, 2021.
             Mangled by a kobold (20 damage)
             ... on level 1 of the Dungeon.
             The game lasted 00:01:34 (740 turns).

sizableburger the Vexing (Ogre Arcane Marksman)      Turns: 740, Time: 00:01:35

Health: -6/28      AC:  5    Str: 13    XL:     2   Next: 41%
Magic:  2/3        EV:  9    Int: 14    God:
Gold:   13         SH:  0    Dex:  9    Spells: 2/3 levels left

rFire   . . .      SeeInvis .   d - +0 club
rCold   . . .      Faith    .   (no shield)
rNeg    . . .      Spirit   .   a - +0 robe
rPois   .          Reflect  .   e - +2 hat
rElec   .          Harm     .   (no cloak)
rCorr   .          Rampage  .   (gloves unavailable)
Will    .....                   (boots unavailable)
Stlth   +.........              (no amulet)
HPRegen 0.09/turn               (no ring)
MPRegen 0.08/turn               (no ring)

@: no status effects
A: large, unfitting armour, tough skin 1
a: no special abilities


You were on level 1 of the Dungeon.
You visited 1 branch of the dungeon, and saw 1 of its levels.

You collected 13 gold pieces.

Inventory:

Hand Weapons
 d - a +0 club (weapon)
Missiles
 b - 4 large rocks (quivered)
Armour
 a - a +0 robe (worn)
 e - a +2 hat (worn)
Scrolls
 f - a scroll of identify {unknown}


   Skills:
 + Level 2.1 Fighting
 + Level 0.9 Maces & Flails
 + Level 2.3 Throwing
 - Level 1.7 Dodging
 - Level 1.2 Spellcasting
 - Level 2.6 Hexes


You had 2 spell levels left.
You knew the following spells:

 Your Spells              Type           Power      Damage    Failure   Level
a - Corona                Hex            8%         N/A       9%          1

Your spell library contained the following spells:

 Spells                   Type           Power      Damage    Failure   Level
 Slow                     Hex            8%         N/A       13%         2
 Inner Flame              Hex/Fire       4%         N/A       41%         3
 Portal Projectile        Hex/Tloc       8%         N/A       41%         3
 Cause Fear               Hex            4%         N/A       65%         4


Dungeon Overview and Level Annotations

Branches:
Dungeon (1/15)

Altars:


Innate Abilities, Weirdness & Mutations

You are too large for most types of armour.
You have tough skin. (AC +1)


Message History

You hit the goblin.
The goblin is moderately wounded.
A rat comes into view.
The goblin hits you with a +0 club.
You closely miss the goblin.
The goblin is moderately wounded.
The goblin hits you with a +0 club.
You hit the goblin.
The goblin is heavily wounded.
The goblin hits you with a +0 club. x2
You are too injured to fight recklessly!
You hit the goblin but do no damage.
The goblin is heavily wounded.
The goblin hits you but does no damage.
You hit the goblin.
You kill the goblin!
Throw: 2 throwing nets
Press: ? - help, Q - select action, (/) - cycle Shift-Dir - straight line, f - kobold
Aim: a kobold, wielding a +2 whip of electrocution (47% to hit)
You throw a throwing net.
The throwing net closely misses the kobold.
The throwing net closely misses the rat.
The kobold closely misses you.
Throw: throwing net
Press: ? - help, Q - select action, (/) - cycle Shift-Dir - straight line, f/p - kobold
Aim: a kobold, wielding a +2 whip of electrocution (47% to hit)
You throw a throwing net.
The throwing net closely misses the kobold.
The throwing net hits the rat.
The rat is caught in the net!
The kobold closely misses you.
The rat struggles against the net.
Casting: Corona (safe; 9% risk of failure)
Confirm with . or Enter, or press ? or * to list all spells.
Aiming: Corona (safe; 9% risk of failure)
Press: ? - help, Shift-Dir - straight line, f/p - kobold
Aim: a kobold, wielding a +2 whip of electrocution (chance to affect: 61%)
The kobold struggles to resist.
The kobold hits you with a +2 whip of electrocution.
You are electrocuted!!
Ouch! That really hurt!
You die...

#.# #.. #.# #.#
### #.# #.# #.#
#.# #.######
########......#
.........[###.#
.########@# #.#
#K# #.#
######r###.##
#......##...####.#
#.####>...........
#.##...####.#
#.###.## #(# #.#
..# #.#


You could see a kobold and a rat (caught).

Vanquished Creatures
  3 endoplasms (D:1)
  A goblin (D:1)
  3 hobgoblins (D:1)
  A bat (D:1)
  A frilled lizard (D:1)
  2 kobolds (D:1)
  2 rats (D:1)
13 creatures vanquished.

Notes
Turn   | Place    | Note
-------+----------+-------------------------------------------
     0 | D:1      | sizableburger the Ogre Arcane Marksman began the quest for
                  | the Orb.
     0 | D:1      | Reached XP level 1. HP: 19/19 MP: 2/2
   213 | D:1      | Reached XP level 2. HP: 24/28 MP: 3/3
   740 | D:1      | Mangled by a kobold

Illustrated notes

Levels and vault maps discovered:
D:1:      matt_arrival_los_fun, layout_loops_ring,
          dreamdust_ecumenical_altar_angels_and_demons, minmay_misc_feat_doors,
          st_stairs_3, minivault_23, minmay_pentomino_v2

Skill      XL: |  1  2 |
---------------+-------+-----
Fighting       | 2 |  2.1
Maces & Flails | |  0.9
Throwing       | |  2.3
Dodging        | |  1.7
Spellcasting   | |  1.2
Hexes          | |  2.6

Action                   || total
-------------------------++-------
Melee: Club              ||    66
Throw: Throwing net      ||     2
 Cast: Corona            ||     1
Armor: Robe              ||    27
Dodge: Dodged            ||    47

Table legend: (Time is in decaauts)
 A = Elapsed time spent in this place.
 B = Non-inter-level travel time spent in this place.
 C = Inter-level travel time spent in this place.
 D = Time resting spent in this place.
 E = Time spent auto-exploring this place.
 F = Levels seen in this place.
 G = Mean time per level.
                   A        B        C        D        E       F      G
               +--------+--------+--------+--------+--------+-----+--------+
         Total |    757 |    757 |      0 |    342 |    254 |   1 |  757.0 |
       Dungeon |    757 |    757 |      0 |    342 |    254 |   1 |  757.0 |
               +--------+--------+--------+--------+--------+-----+--------+

Top non-repeatable levels by time:
     D:1: 757 daAuts
